 Dungeon Crawl Stone Soup version 0.17.0-28-g6e173f8 (webtiles) character file.

17236 ketsa the Cleaver (level 12, -1/88 HPs)
             Began as a Demonspawn Abyssal Knight on Nov 30, 2015.
             Was the Champion of Lugonu.
             Killed from afar by a frost giant (6 damage)
             ... with a bolt of cold
             ... in an ice cave on Dec 2, 2015.
             The game lasted 00:44:51 (15503 turns).

ketsa the Cleaver (Demonspawn Abyssal Knight)      Turns: 15503, Time: 00:44:52

Health: -1/88      AC: 26    Str: 21    XL:     12   Next: 17%
Magic:  0/20       EV:  8    Int: 12    God:    Lugonu [******]
Gold:   722        SH:  0    Dex: 12    Spells: 0 memorised, 11 levels left

rFire  + . .     SeeInvis +     X - +7 flail of the Jolly Wonders {pain, -Tele rF+ rN++ Int-2}
rCold  + . .     Clarity  .     E - +0 chain mail
rNeg   + + .     SustAt   .     (no shield)
rPois  .         Gourm    .     r - +1 helmet {SInv}
rElec  .         Spirit   +     P - +2 cloak
rCorr  .         Warding  .     (gloves unavailable)
rMut   .         NoTele   +     G - +1 pair of boots
MR     +....                    C - amulet of guardian spirit
Stlth  ..........               Z - ring of invisibility
                                j - ring of protection from magic

@: mighty, somewhat resistant to hostile enchantments, extremely unstealthy
A: claws 3, rough black scales 2, cold resistance 1, spiny 2, freezing cloud
immunity
a: Depart the Abyss, Bend Space, Banish, Corrupt, Enter the Abyss, Brand Weapon
With Distortion, Renounce Religion, Evoke Invisibility


You were in an ice cave.
You worshipped Lugonu.
Lugonu was exalted by your worship.
You were not hungry.

You visited 2 branches of the dungeon, and saw 12 of its levels.
You visited the Abyss 1 time.
You also visited: Sewer and Ice Cave.

You collected 722 gold pieces.

Inventory:

Hand Weapons
 a - a +2 hand axe
 X - the +7 flail of the Jolly Wonders (weapon) {pain, -Tele rF+ rN++ Int-2}
   (You found it on level 7 of the Dungeon)

   In the hands of one skilled in necromantic magic, it inflicts extra damage on
   living creatures.
   It affects your intelligence (-2).
   It protects you from fire.
   It greatly protects you from negative energy.
   It prevents most forms of teleportation.
Missiles
 y - 23 tomahawks (quivered)
Armour
 b - a +1 leather armour
 r - a +1 helmet of see invisible (worn)
 E - a +0 chain mail (worn)
 G - a +1 pair of boots (worn)
 H - a +0 scale mail
 P - a +2 cloak (worn)
Jewellery
 f - an uncursed amulet of the gourmand
 j - a ring of protection from magic (left claw)
 B - an uncursed ring of stealth
 C - an amulet of guardian spirit (around neck)
 Q - an uncursed amulet of regeneration
 S - a +3 ring of intelligence
 Z - a ring of invisibility (right claw)
Wands
 e - a wand of fire (10)
 p - a wand of magic darts (10)
 s - a wand of random effects (19)
 x - a wand of draining (2)
 J - a wand of polymorph (7)
 L - a wand of fire (3)
 M - a wand of paralysis (9)
Scrolls
 g - 5 scrolls of fog
 l - a scroll of enchant armour
 n - 2 scrolls of fear
 o - 4 scrolls of enchant weapon
 t - 3 scrolls of magic mapping
 u - a scroll of immolation
 z - 8 scrolls of teleportation
 A - a scroll of blinking
 D - a scroll of amnesia
 I - 3 scrolls of remove curse
Potions
 d - 4 potions of curing
 h - 2 potions of ambrosia {unknown}
 q - 2 potions of lignification
 w - 3 potions of magic
 F - 6 potions of poison {unknown}
 K - 3 potions of brilliance
 N - a potion of agility {unknown}
 O - a potion of beneficial mutation {unknown}
Books
 U - a book of Callings

   Spells                             Type                      Level
   a - Summon Small Mammal            Summoning                    1
   b - Call Imp                       Summoning                    2
   c - Call Canine Familiar           Summoning                    3
   d - Summon Guardian Golem          Hexes/Summoning              3
   e - Summon Lightning Spire         Summoning/Air                4
   f - Summon Ice Beast               Ice/Summoning                4
Comestibles
 c - 7 bread rations
 i - 2 royal jellies
 k - 21 fruits
 m - 7 meat rations


   Skills:
 + Level 6.1 Fighting
 * Level 12.0(12.1) Axes
 + Level 3.3(8.5) Maces & Flails
 + Level 8.5 Armour
 - Level 0.8 Dodging
 + Level 11.7 Invocations
 + Level 5.3 Evocations


You had 11 spell levels left.
You didn't know any spells.

Dungeon Overview and Level Annotations

Branches:
Dungeon (10/15)            Temple (0/1) D:4            Lair (2/8) D:8
    Orc: D:9-12

Altars:
Kikubaaqudgha
Okawaru
Sif Muna
Trog
Xom
The Shining One

Shops:
D:7 [


Innate Abilities, Weirdness & Mutations

You have claws for hands.
You are mostly covered in rough black scales (AC +7, Dex -2).
Your flesh is cold resistant.
You are mostly covered in sharp spines.
You are immune to freezing clouds.


Message History

You feel better. The frost giant casts a spell at you.
The bolt of cold hits you! You resist.
* * * LOW HITPOINT WARNING * * *
Items here: ÷÷÷÷ a polar bear skeleton; a yak skeleton; a polar bear skeleton; a yak skeleton You don't have enough magic at the moment.
Unknown command.
You don't have enough magic at the moment.
Unknown command.
Read which item? (? for menu, Esc to quit)
Okay, then.
Read which item? (? for menu, Esc to quit)
You cannot teleport because you are wielding the +7 flail of the Jolly Wonders {pain, -Tele rF+ rN++ Int-2}.
The frost giant gestures at you while chanting.
The bolt of cold hits you! You resist.
* * * LOW HITPOINT WARNING * * *
The frost giant casts a spell at you. The bolt of cold hits you! You resist.
You die...

####...## ###..
##...#### ###
###....#######
###...#....#### ###
###....##÷..##
##.###### #########..#
###÷#C#...## ###...##
#..###...⌠.# ##....##
###÷.###@#.#####....##
.##..#####.....###
###..####.....##
##...#....###
###...#### #####


You could see a frost giant.

Vanquished Creatures
  A death yak (IceCv)
  A guardian serpent (D:10)
  An ice statue (IceCv)
  3 trolls
  10 polar bears (IceCv)
  4 blink frogs (Lair:1)
  34 yaks
  A deep elf mage (D:9)
  A basilisk (Lair:1)
  2 hippogriffs
  2 water moccasins
  20 wolves (IceCv)
  4 porcupines (Lair:1)
  A black bear (D:7)
  A necrophage (D:9)
  A sky beast (D:9)
  2 phantoms
  3 orc warriors
  An eye of draining (D:9)
  An ice beast (D:4)
  3 centaurs
  A crocodile (Lair:1)
  An ogre (D:9)
  A big kobold (D:8)
  7 giant frogs
  A water moccasin zombie (D:7)
  A wyvern zombie (D:8)
  A wyvern skeleton (D:8)
  5 killer bees (D:9)
  An electric eel (D:6)
  3 crimson imps
  4 hounds
  Crazy Yiuf (D:4)
  A giant frog zombie (D:8)
  4 orc priests
  A centaur zombie (D:7)
  3 jellies
  2 giant frog skeletons (D:5)
  An iguana (D:8)
  4 orc wizards
  7 worker ants
  2 hound zombies (D:7)
  A worker ant zombie (D:6)
  4 hound skeletons
  5 river rats (Sewer)
  14 adders
  12 gnolls
  2 shadow imps
  4 oozes
  An adder zombie (D:6)
  4 worms
  6 giant geckos
  35 orcs
  13 bats
  5 hobgoblins
  8 jackals
  10 kobolds
  A quokka (D:4)
  10 ball pythons (Sewer)
  9 giant cockroaches
  A giant gecko skeleton (D:4)
  4 giant newts
  11 goblins
  A quokka skeleton (D:8)
  30 rats
340 creatures vanquished.

Vanquished Creatures (others)
  The ghost of gorblad the Arsonist, a journeyman HuFE of Sif Muna (Lair:1)
  An adder skeleton (D:6)
  A fungus (Lair:1)
3 creatures vanquished.

Grand Total: 343 creatures vanquished

Notes
Turn   | Place    | Note
--------------------------------------------------------------
     0 | Abyss:1  | ketsa the Demonspawn Abyssal Knight began the quest for the Orb.
     0 | Abyss:1  | Reached XP level 1. HP: 18/18 MP: 2/2
    65 | Abyss:1  | Noticed a sixfirhy
    66 | D:1      | Escaped the Abyss
   307 | D:1      | Reached * piety under Lugonu
   322 | D:1      | Gained mutation: You are partially covered in sharp spines. [demonic ancestry]
   322 | D:1      | Reached XP level 2. HP: 22/24 MP: 3/3
   511 | D:1      | Gained mutation: You are mostly covered in sharp spines. [demonic ancestry]
   511 | D:1      | Reached XP level 3. HP: 21/29 MP: 5/5
   836 | D:1      | Reached ** piety under Lugonu
  1264 | D:2      | Gained mutation: Your flesh is cold resistant. [demonic ancestry]
  1264 | D:2      | Reached XP level 4. HP: 32/35 MP: 6/6
  1382 | D:2      | Found a glowing golden altar of the Shining One.
  1555 | D:2      | You fall through a shaft for 2 floors!
  1555 | D:4      | Noticed Crazy Yiuf
  1563 | D:4      | Killed Crazy Yiuf
  1773 | D:4      | Gained mutation: You are partially covered in rough black scales (AC +4, Dex -1). [demonic ancestry]
  1773 | D:4      | Reached XP level 5. HP: 32/41 MP: 7/7
  1948 | D:4      | Found a staircase to the Ecumenical Temple.
  2010 | D:4      | Found a glowing drain.
  2023 | D:4      | Reached skill level 4 in Invocations
  2061 | Sewer    | Entered a sewer
  2163 | Sewer    | Reached *** piety under Lugonu
  2539 | Sewer    | Gained mutation: You have sharp fingernails. [demonic ancestry]
  2539 | Sewer    | Reached XP level 6. HP: 43/47 MP: 9/9
  2703 | Sewer    | Reached **** piety under Lugonu
  2719 | Sewer    | Reached skill level 5 in Invocations
  2982 | D:4      | Noticed an ice beast
  2989 | D:4      | Killed an ice beast
  2989 | D:4      | Reached skill level 5 in Axes
  2989 | D:4      | Reached XP level 7. HP: 43/52 MP: 11/11
  3886 | D:3      | Found an ancient bone altar of Kikubaaqudgha.
  3887 | D:3      | Found a bloodstained altar of Trog.
  4057 | D:3      | Found a glowing golden altar of the Shining One.
  4289 | D:3      | Found a shimmering altar of Xom.
  4720 | D:4      | Found a deep blue altar of Sif Muna.
  4816 | D:5      | Entered Level 5 of the Dungeon
  5012 | D:5      | Reached ***** piety under Lugonu
  5147 | D:5      | Reached skill level 6 in Invocations
  5398 | D:5      | Found a bloodstained altar of Trog.
  5542 | D:5      | Gained mutation: You are mostly covered in rough black scales (AC +7, Dex -2). [demonic ancestry]
  5542 | D:5      | Reached XP level 8. HP: 58/58 MP: 12/12
  7055 | D:6      | Reached skill level 7 in Invocations
  7132 | D:6      | Reached skill level 5 in Armour
  7613 | D:7      | Found Amant's Armour Boutique.
  7724 | D:7      | Found an iron altar of Okawaru.
  7952 | D:7      | Got a shimmering flail
  8391 | D:7      | Reached skill level 8 in Axes
  8391 | D:7      | Reached XP level 9. HP: 63/63 MP: 14/14
  8648 | D:8      | Found a staircase to the Lair.
  8658 | Lair:1   | Entered Level 1 of the Lair of Beasts
  9314 | D:9      | Reached skill level 9 in Axes
  9409 | Lair:1   | Noticed gorblad's ghost (journeyman HuFE)
  9953 | D:9      | Gained mutation: You are immune to freezing clouds. [demonic ancestry]
  9953 | D:9      | Reached XP level 10. HP: 63/70 MP: 15/17
 10441 | D:9      | Reached skill level 10 in Axes
 10740 | D:10     | Entered Level 10 of the Dungeon
 10751 | D:10     | Reached skill level 10 in Invocations
 11273 | D:10     | Reached skill level 1 in Evocations
 11302 | D:10     | HP: 2/70 [yak (9)]
 11577 | D:10     | Noticed a guardian serpent
 11598 | D:10     | Killed a guardian serpent
 11974 | Lair:1   | Banished gorblad's ghost
 12260 | Lair:1   | Gained mutation: You have very sharp fingernails. [demonic ancestry]
 12260 | Lair:1   | Reached XP level 11. HP: 25/78 MP: 7/18
 12933 | Lair:1   | Identified the +7 flail of the Jolly Wonders {pain, -Tele rF+ rN++ Int-2} (You found it on level 7 of the Dungeon)
 13294 | Lair:1   | Reached skill level 11 in Axes
 13477 | Lair:2   | Found a frozen archway.
 13498 | IceCv    | Entered an ice cave
 13521 | IceCv    | Reached skill level 5 in Fighting
 13769 | IceCv    | Reached skill level 1 in Maces & Flails
 14157 | IceCv    | Reached ****** piety under Lugonu
 15004 | IceCv    | Reached skill level 5 in Evocations
 15170 | IceCv    | Gained mutation: You have claws for hands. [demonic ancestry]
 15170 | IceCv    | Reached XP level 12. HP: 82/87 MP: 18/20
 15214 | IceCv    | Noticed a death yak
 15223 | IceCv    | Killed a death yak
 15244 | IceCv    | Reached skill level 12 in Axes
 15485 | IceCv    | Noticed a frost giant
 15503 | IceCv    | Killed from afar by a frost giant

Action                   |  1- 3 |  4- 6 |  7- 9 | 10-12 || total
-------------------------+-------+-------+-------+-------++-------
Melee: Hand axe          |    57 |   101 |   384 |   164 ||   706
       Flail             |       |       |       |   261 ||   261
Throw: Stone             |     1 |       |     4 |       ||     5
       Tomahawk          |       |       |     9 |     9 ||    18
Invok: Depart the Abyss  |     1 |       |       |       ||     1
       Banish            |       |       |       |     2 ||     2
Evoke: Wand              |       |       |       |     3 ||     3
  Use: Scroll            |       |     7 |     7 |    11 ||    25
       Potion            |       |       |     1 |    14 ||    15
 Stab: Sleeping          |       |     2 |     3 |       ||     5
  Eat: Chunk             |    12 |     6 |    14 |    13 ||    45
       Fruit             |       |       |       |     7 ||     7
